 Dungeon Crawl Stone Soup version 0.31.0-4-g52a2dc7128 (webtiles) character file.

Game seed: 4867019957644531069

20 Deca the Chopper (level 2, 26/26 HPs)
             Began as a Draconian Berserker on Jan 21, 2024.
             Was a Follower of Cheibriados.
             Quit the game on level 2 of the Dungeon.
             The game lasted 00:09:21 (787 turns).

Deca the Chopper (Draconian Berserker)               Turns: 787, Time: 00:09:22

Health: 26/26      AC:  4    Str: 21    XL:     2   Next: 58%
Magic:  2/2        EV: 12    Int:  9    God:    Cheibriados [*.....]
Gold:   62         SH:  0    Dex: 12    Spells: 1/1 levels left

rFire   . . .        a - +0 hand axe
rCold   . . .        (no shield)
rNeg    . . .        (body armour unavailable)
rPois   .            (helmet restricted)
rElec   .            (no cloak)
rCorr   .            (no gloves)
SInv    .            (no boots)
Will    .....        (no amulet)
Stlth   +            (no ring)
HPRegen 0.24/turn    (no ring)
MPRegen 0.08/turn

%: no passive effects
@: very slow
A: AC +4, unfitting armour, cold-blooded
a: Renounce Religion, Bend Time


You were on level 2 of the Dungeon.
You worshipped Cheibriados.
Cheibriados was aware of your devotion.
You visited 1 branch of the dungeon, and saw 2 of its levels.

You collected 62 gold pieces.

Inventory:

Hand Weapons
 a - a +0 hand axe (weapon)
Armour
 b - a +0 leather armour
Scrolls
 c - a scroll of identify (quivered)


   Skills:
 + Level 3.5 Fighting
 + Level 3.5 Axes
 + Level 3.0 Dodging


You had one spell level left.
You didn't know any spells.
Your spell library contained the following spells:

 Spells                   Type           Power      Damage    Failure   Level
 Freeze                   Ice            0%         1d3       38%         1
 Frozen Ramparts          Ice            0%         1d1       77%         3
 Gell's Gravitas          Tloc           0%         N/A       77%         3
 Hailstorm                Conj/Ice       0%         3d5       77%         3
 Teleport Other           Tloc           0%         N/A       77%         3
 Dispersal                Tloc           0%         N/A       100%        6


Dungeon Overview and Level Annotations

Branches:
Dungeon (2/15)

Altars:
Cheibriados
Jiyva


Innate Abilities, Weirdness & Mutations

Your plain brown scales are hard. (AC +4)
You cannot fit into any form of body armour.
You are cold-blooded and may be slowed by cold attacks.


Message History

There are no items here.
There are no items here.
There is a viscous altar of Jiyva here.
There are no items here.
Why would you want to do that? Why would you want to do that?
There is a viscous altar of Jiyva here.
There are no items here.
There is a snail-covered altar of Cheibriados here.
You offer a prayer to Cheibriados.
Sorry, I don't know how to get there.
Welcome back, Deca the Draconian Berserker.
Cheibriados says: Take it easy.
Press ? for a list of commands and other information.
Sorry, I don't know how to get there.
Sorry, I don't know how to get there.
Sorry, I don't know how to get there.
Sorry, I don't know how to get there.
Sorry, I don't know how to get there.
Sorry, I don't know how to get there.
Partly explored, can't reach some items and places.
Partly explored, can't reach some items and places.
Partly explored, can't reach some items and places.
Partly explored, can't reach some items and places.
Partly explored, can't reach some items and places.
Partly explored, can't reach some items and places.
Partly explored, can't reach some items and places.
Sorry, I don't know how to get there.
There is a snail-covered altar of Cheibriados here.
Sorry, I don't know how to get there.
Sorry, I don't know how to get there.
Sorry, I don't know how to get there.
Sorry, I don't know how to get there.
Sorry, I don't know how to get there.
There is a viscous altar of Jiyva here.
There is a snail-covered altar of Cheibriados here.
Welcome back, Deca the Draconian Berserker.
Cheibriados says: Take it easy.
Press ? for a list of commands and other information.
Are you sure you want to abandon this character and quit the game? (Confirm with "yes".)

#. #.>....
#.##?.$.##
........#
#≈≈≈# #...#
#._.# #...#
#._.# #.@.#
#≈≈≈#
.........
.....##.....#
....#.
..##.##
...... .## .#
.....# # .
...## .


There were no monsters in sight!

Vanquished Creatures
  A dart slug (D:1)
  A giant cockroach (D:1)
  2 goblins (D:1)
  3 hobgoblins (D:1)
  3 kobolds (D:1)
  6 frilled lizards (D:1)
  2 rats (D:1)
18 creatures vanquished.

Notes
Turn   | Place    | Note
-------+----------+-------------------------------------------
     0 | D:1      | Deca the Draconian Berserker began the quest for the Orb.
     0 | D:1      | Reached XP level 1. HP: 19/19 MP: 1/1
   196 | D:1      | Reached XP level 2. HP: 26/26 MP: 2/2
   703 | D:2      | Found a faded altar of an unknown god.
   706 | D:2      | Prayed at the altar of an unknown god.
   706 | D:2      | Fell from the grace of Trog
   706 | D:2      | Became a worshipper of Jiyva Juexol the Shapeless
   706 | D:2      | Reached * piety under Jiyva
   706 | D:2      | Prayed at the altar of an unknown god.
   706 | D:2      | Fell from the grace of Jiyva
   706 | D:2      | Became a worshipper of Cheibriados the Contemplative
   706 | D:2      | Reached * piety under Cheibriados
   787 | D:2      | Quit the game

Illustrated notes

Levels and vault maps discovered:
D:1:      amcnicky_arrival_gap_in_the_tavern_cellar, layout_loops_ring
D:2:      minmay_evil_eye, layout_rooms, basic_altar,
          nicolae_ecumenical_oubliette, minmay_pentomino_v4

Skill      XL: |  1 |
---------------+----+-----
Dodging        | 3 |  3.0
Fighting       | |  3.5
Axes           | |  3.5

Action                     || total
---------------------------++-------
  Melee: Hand axe          ||    45
         Tailslap          ||     8
    Use: Scroll            ||     1
 Armour: Skin              ||    20
  Dodge: Dodged            ||    22
